Map: Oxide LE

Players

BIGGLESWORTH

  • Race: Protoss Protoss
  • League: Diamond
  • Spawn Location: 7:00

Heeebster - Winner!

  • Race: Protoss Protoss
  • League: Diamond
  • Spawn Location: 1:00

VOD

Have the link to the VOD?

Description

Time

  • Played on: Nov. 15, 2020, 3:27 p.m.
  • Length: 5:19
Show
View Real Time Build Order
Export as new Build Order

BIGGLESWORTH Protoss 

Build Orders:  

Get SALT Encoding   

  12  0:00  Probe  
  13  0:12  Probe  
  14  0:17  Pylon  
  14  0:24  Probe  
  15  0:36  Probe (Chrono Boost)  
  15  0:41  Gateway  
  16  0:49  Probe (Chrono Boost)  
  17  0:56  Assimilator  
  18  0:57  Probe (Chrono Boost)  
  18  1:03  Probe  
  19  1:13  Gateway  
  19  1:15  Probe  
  19  1:17  Assimilator  
  20  1:29  Cybernetics Core  
  20  1:35  Pylon  
  20  1:44  Probe  
  21  1:56  Probe  
  22  2:08  Adept (Chrono Boost)  
  22  2:10  Nexus  
  24  2:21  Probe  
  27  2:23  Adept (Chrono Boost)  
  27  2:30  Pylon  
  29  2:46  Stalker  
  29  2:50  Shield Battery  
  29  3:02  Probe  
  30  3:09  Stargate  
  30  3:14  Shield Battery, Probe  
  30  3:19  Warp Gate (Chrono Boost)  
  31  3:22  Probe  
  31  3:26  Probe  
  33  3:35  Probe  
  33  3:40  Stalker  
  36  3:41  Probe  
  36  3:47  Probe  
  38  3:57  Probe  
  38  3:58  Stalker  
  38  3:59  Probe  
  46  4:09  Probe  
  47  4:13  Probe  
  48  4:21  Probe  
  47  4:27  Probe  
  44  4:31  Oracle (Chrono Boost)  
  44  4:34  Shield Battery, Probe  
  41  4:48  Pylon  
  41  4:50  Shield Battery  
  41  4:52  Gateway  
  30  5:06  Stalker x2  
Show
View Real Time Build Order
Export as new Build Order

Heeebster Protoss - Winner!

Build Orders: Dark Templar Rush 

Get SALT Encoding   

  12  0:00  Probe  
  13  0:13  Probe (Chrono Boost)  
  14  0:17  Pylon  
  14  0:25  Probe (Chrono Boost)  
  15  0:33  Probe (Chrono Boost)  
  16  0:38  Gateway  
  16  0:43  Probe  
  16  0:46  Assimilator  
  17  0:52  Assimilator  
  17  0:55  Probe  
  18  1:07  Probe  
  19  1:19  Probe  
  20  1:27  Cybernetics Core  
  20  1:35  Probe  
  21  1:47  Probe  
  22  1:59  Pylon, Probe  
  23  2:03  Warp Gate  
  23  2:11  Pylon  
  23  2:14  Stalker (Chrono Boost)  
  23  2:21  Twilight Council  
  23  2:22  Probe  
  26  2:36  Stalker  
  27  2:57  Gateway  
  27  2:58  Gateway  
  27  3:01  Dark Shrine  
  27  3:03  Gateway  
  27  3:05  Charge (Chrono Boost)  
  27  3:07  Pylon  
  27  3:43  Pylon  
  26  4:14  Dark Templar x3  
  26  4:16  Zealot  
  30  4:39  Dark Templar  
  32  4:56  Dark Templar  
  32  4:57  Zealot x2  
  38  5:13  Zealot  
Tags
 
Matchup
PvP
Replay Pack
Replays
Spawn Locations
Cross Positions
Add a new tag
Caveats
  • Supply blocks, unpowered buildings, or Contaminate may cause inaccurate times.
  • Supply counts are checked every 10 seconds.